Map: Apotheosis LE

Players

samoZLO

  • Race: Terran Terran
  • League: Diamond

Arranion - Winner!

  • Race: Zerg Zerg
  • League: Diamond

VOD

Have the link to the VOD?

Description

Time

  • Played on: Oct. 31, 2016, 2:03 p.m.
  • Length: 20:18
Show
View Real Time Build Order
Export as new Build Order

samoZLO Terran 

Build Orders: Reaper Expand, MMM Bio 

Get SALT Encoding   

  12  0:00  SCV  
  13  0:13  SCV  
  14  0:18  Supply Depot  
  14  0:25  SCV  
  15  0:39  SCV  
  15  0:42  Barracks  
  16  0:45  Refinery  
  16  0:51  SCV  
  17  1:03  SCV  
  18  1:15  SCV  
  19  1:28  Orbital Command  
  19  1:29  Reaper  
  20  1:57  Command Center  
  20  2:07  SCV  
  21  2:10  Barracks  
  21  2:14  Factory  
  21  2:17  Refinery  
  21  2:21  Barracks Reactor  
  21  2:24  SCV  
  22  2:36  SCV  
  23  2:58  Supply Depot  
  23  3:11  Marine x2, Barracks Tech Lab  
  23  3:12  SCV  
  26  3:16  Factory Reactor  
  26  3:17  Starport  
  26  3:20  Orbital Command  
  26  3:24  SCV  
  27  3:29  Marine x2  
  29  3:40  SCV, Marine  
  30  3:41  Supply Depot  
  30  3:44  Stimpack  
  30  3:47  Marine  
  31  3:51  Marine  
  31  3:52  SCV  
  33  3:58  Marine  
  33  4:00  Medivac x2  
  38  4:05  Marine  
  39  4:11  Supply Depot  
  39  4:13  Marine  
  39  4:14  SCV  
  39  4:15  SCV  
  39  4:16  Marine  
  43  4:24  Factory Tech Lab  
  43  4:26  Marine  
  43  4:27  SCV  
  43  4:29  SCV  
  43  4:31  Marine  
  46  4:36  Marine  
  46  4:37  Supply Depot  
  48  4:39  SCV  
  48  4:41  SCV  
  48  4:44  Bunker, Marine  
  51  4:51  SCV  
  51  4:52  Siege Tank  
  55  4:55  SCV  
  56  5:02  Liberator  
  58  5:07  Marauder, Marine x2  
  58  5:13  SCV x2  
  65  5:25  SCV  
  66  5:29  Supply Depot  
  66  5:34  SCV  
  66  5:35  Marine x2  
  69  5:37  SCV  
  70  5:50  SCV, Siege Tank  
  70  5:51  Marauder  
  70  5:53  Marine x2  
  78  6:02  Liberator  
  77  6:10  Marine  
  78  6:17  Refinery  
  78  6:19  Refinery, Marine  
  78  6:20  SCV  
  78  6:22  Command Center  
  78  6:27  Marauder  
  78  6:28  Marine  
  77  6:37  Engineering Bay x2, Marine  
  78  6:40  Barracks  
  78  6:41  Barracks  
  78  6:54  Combat Shields  
  78  6:58  Supply Depot  
  78  7:01  Supply Depot  
  78  7:20  SCV, Medivac x2, Siege Tank  
  78  7:21  Terran Infantry Weapons Level 1  
  78  7:22  Marine x2  
  86  7:23  Marauder  
  86  7:25  Supply Depot, Terran Infantry Armor Level 1  
  86  7:29  SCV  
  91  7:32  SCV  
  92  7:40  Marine  
  93  7:44  Marauder  
  93  7:48  Marine  
  96  7:51  Orbital Command  
  96  7:56  Barracks Tech Lab  
  96  7:57  Barracks Reactor  
  96  7:58  Supply Depot, Marine  
  96  8:00  Armory  
  96  8:02  Barracks  
  96  8:05  Barracks  
  97  8:06  Marauder  
  99  8:23  Marauder, Marine x2  
  103  8:27  Supply Depot x2  
  103  8:29  Marauder  
  103  8:30  Concussive Shells  
  103  8:32  Medivac x2, Siege Tank  
  103  8:33  Marine x2  
  114  8:50  Marauder  
  51  9:48  Marine x3  
  51  9:49  Marine x4  
  51  9:51  Marine  
  51  9:52  Medivac x2  
  63  9:54  Siege Tank  
  66  10:05  Marine  
  66  10:06  Marine x3  
  70  10:12  Marine x2  
  71  10:18  Barracks Reactor x2  
  69  10:22  Medivac  
  69  10:23  SCV x2, Marine x3  
  69  10:24  Marine  
  69  10:26  Siege Tank  
  80  10:30  Orbital Command  
  80  10:31  Marauder x2  
  82  10:35  SCV x2  
  82  10:41  Marine x3  
  86  10:46  Missile Turret  
  86  10:47  SCV x2  
  86  10:49  Marine  
  89  10:51  Marine  
  90  11:02  Marine  
  91  11:05  SCV x2  
  91  11:09  SCV  
  94  11:11  Marine  
  94  11:12  Marine  
  94  11:17  SCV x2  
  98  11:25  SCV  
  99  11:26  Marine x4  
  99  11:27  Marine x4  
  99  11:29  SCV x2, Marine  
  110  11:37  SCV  
  110  11:39  Marine  
  112  11:41  SCV x2  
  114  11:49  SCV  
  114  11:52  Marine, Marauder  
  114  11:53  SCV, Marine  
  120  12:01  SCV  
  120  12:02  Marauder, Marine x2  
  120  12:03  SCV  
  120  12:06  Refinery  
  120  12:07  Refinery  
  93  12:42  Marine  
  93  12:43  Marine x7  
  93  12:44  Marine x2  
  98  12:50  SCV  
  98  12:51  SCV  
  102  12:52  SCV  
  102  12:58  Siege Tank  
  106  13:00  Marine x2  
  106  13:01  Marine x6  
  106  13:02  Marauder x2  
  106  13:03  SCV x2  
  118  13:17  Supply Depot  
  118  13:18  Supply Depot, Marine x3  
  118  13:19  Marine  
  125  13:23  Refinery, Marauder  
  125  13:24  Marauder  
  125  13:26  Refinery  
  126  13:30  Siege Tank  
  125  13:43  Marine  
  125  13:45  Marauder x2  
  130  13:50  Marine x2  
  130  13:51  Marine x5  
  137  13:59  Barracks  
  137  14:00  Barracks  
  137  14:01  Marine  
  138  14:06  Marauder x2  
  138  14:08  Marine x3  
  138  14:09  Marine x3  
  148  14:19  Marine  
  149  14:26  Marine  
  149  14:32  Marauder, Siege Tank  
  149  14:33  Marauder  
  149  14:36  Marine  
  149  14:37  Marine  
  111  14:49  Barracks Tech Lab  
  111  14:50  Barracks Reactor  
  109  14:53  Marauder  
  109  14:54  Barracks, Marauder  
  111  15:02  Medivac x2  
  111  15:04  Siege Tank  
  111  15:07  Terran Infantry Armor Level 2, Terran Infantry Weapons Level 2  
  118  15:09  Terran Ship Weapons Level 1  
  118  15:15  Marauder x2  
  118  15:16  Starport  
  121  15:28  Marauder, Marine x2  
  122  15:33  Medivac  
  122  15:34  Medivac  
  127  15:36  Marauder  
  127  15:37  Marauder  
  131  15:49  Marauder  
  133  15:51  Missile Turret  
  133  15:52  Missile Turret  
  133  15:55  Starport Reactor  
  133  15:57  Marauder  
  133  15:59  Marauder, Marine x3  
  133  16:00  Marine  
  141  16:11  Marauder  
  140  16:15  Viking  
  140  16:16  Viking  
  140  16:17  Orbital Command  
  140  16:36  Command Center  
  140  16:37  Viking x2  
  144  16:44  Siege Tank  
  144  16:45  Viking  
  149  17:14  Sensor Tower  
  149  17:31  SCV  
  149  17:35  Viking, Marine  
  149  17:36  SCV x2  
  149  17:43  SCV  
  148  17:48  SCV x2, Barracks Tech Lab  
  148  17:49  Barracks Reactor  
  148  17:50  Marine  
  148  17:51  Marauder  
  153  17:53  Marauder, Marine x2  
  153  17:58  Marine x2  
  148  18:00  SCV x2  
  148  18:05  Marine x3  
  149  18:07  Orbital Command  
  149  18:08  Marine  
  149  18:11  Marine x2  
  149  18:12  Marauder  
  155  18:15  Marauder  
  156  18:24  Marine  
  157  18:31  Marine  
  157  18:34  Marauder  
  160  18:36  Marauder  
  162  18:47  Bunker  
  162  18:51  Supply Depot  
  162  18:55  Marauder  
  164  18:59  Marauder  
  121  19:16  Marauder  
  84  19:18  Marine  
  84  19:21  Marauder  
  53  19:37  Marine  
  45  19:44  Marine  
  42  19:56  Marine x2  
Show
View Real Time Build Order
Export as new Build Order

Arranion Zerg - Winner!

Build Orders: Hatch First 

Get SALT Encoding   

  12  0:00  Drone  
  13  0:13  Overlord  
  13  0:21  Drone  
  14  0:33  Drone x2  
  14  0:35  Drone  
  17  0:54  Hatchery  
  16  0:58  Drone  
  16  1:00  Drone  
  18  1:08  Extractor  
  17  1:19  Spawning Pool  
  17  1:20  Drone  
  17  1:22  Drone  
  18  1:28  Drone  
  19  1:39  Drone  
  20  1:52  Overlord  
  20  2:06  Zergling x4  
  20  2:07  Queen  
  23  2:09  Queen  
  23  2:15  Metabolic Boost  
  25  2:19  Drone  
  25  2:20  Drone  
  27  2:23  Drone  
  28  2:31  Drone  
  28  2:33  Drone  
  30  2:42  Zergling x2  
  30  2:53  Queen, Drone x2  
  30  2:55  Queen  
  35  3:00  Overlord  
  35  3:13  Overlord  
  35  3:15  Overlord  
  35  3:24  Drone x5  
  35  3:25  Drone x2  
  35  3:26  Drone  
  42  3:44  Zergling x6  
  42  3:45  Zergling x2  
  46  3:55  Roach Warren, Hatchery  
  44  3:59  Extractor  
  43  4:05  Overlord  
  43  4:08  Drone  
  43  4:09  Drone x5  
  49  4:11  Queen  
  51  4:17  Queen  
  49  4:42  Drone x3  
  52  4:46  Zergling x2  
  52  4:47  Zergling x10  
  58  4:56  Hatchery  
  57  5:11  Spore Crawler  
  56  5:14  Spore Crawler  
  55  5:22  Lair  
  55  5:24  Drone x2  
  55  5:27  Drone x3  
  60  5:33  Evolution Chamber  
  60  5:34  Evolution Chamber  
  58  5:36  Spore Crawler  
  58  5:38  Spore Crawler, Roach  
  58  5:39  Roach x8  
  74  5:59  Overlord x5  
  72  6:14  Zerg Ground Armor Level 1, Zerg Missile Weapons Level 1  
  72  6:31  Drone  
  72  6:32  Drone x14  
  85  6:33  Drone x3  
  85  6:34  Drone  
  87  6:57  Spore Crawler  
  87  6:59  Spine Crawler x2  
  84  7:14  Overlord x4  
  83  7:17  Glial Reconstitution  
  83  7:22  Extractor  
  82  7:23  Drone x3  
  82  7:24  Drone x3, Extractor  
  82  7:26  Drone  
  82  7:27  Drone  
  89  7:38  Zergling x8  
  89  7:43  Zergling x6  
  89  7:44  Zergling x4  
  97  7:50  Roach  
  97  7:51  Roach x12  
  124  8:02  Baneling Nest  
  124  8:05  Infestation Pit  
  122  8:28  Ravager x4  
  122  8:29  Overlord x2  
  122  8:30  Overlord x3  
  125  8:38  Zergling x4  
  125  8:39  Zergling x38  
  118  9:18  Roach  
  118  9:19  Roach x19  
  122  9:43  Zerg Missile Weapons Level 2  
  122  9:44  Spire  
  102  10:04  Zergling x8  
  99  10:24  Drone  
  99  10:25  Drone x2  
  101  10:29  Zergling x8  
  101  10:33  Centrifical Hooks  
  101  10:34  Zerg Ground Armor Level 2  
  105  10:43  Drone, Extractor  
  105  10:44  Drone x8  
  105  10:45  Extractor  
  105  10:46  Drone x3  
  105  10:47  Drone x2  
  117  10:51  Drone  
  118  11:24  Corruptor x6  
  130  11:31  Zergling x2  
  130  11:32  Zergling x12  
  137  11:36  Hatchery  
  133  11:46  Drone x3  
  134  12:05  Roach x12  
  158  12:13  Zerg Flyer Armor Level 1  
  158  12:16  Corruptor  
  158  12:19  Baneling x2  
  158  12:20  Baneling x4  
  137  12:50  Drone  
  137  12:51  Drone x8  
  144  12:52  Drone x3  
  149  13:12  Extractor  
  144  13:13  Spore Crawler  
  144  13:14  Extractor  
  144  13:15  Spine Crawler, Spore Crawler  
  144  13:17  Spine Crawler  
  139  13:23  Hatchery  
  138  13:29  Infestation Pit  
  138  13:30  Hive  
  138  13:40  Corruptor x8  
  140  13:48  Zergling x16  
  144  13:52  Extractor  
  144  13:53  Extractor  
  146  14:22  Roach  
  146  14:23  Roach x19  
  182  14:38  Zergling x8  
  157  14:39  Zergling x18  
  164  14:53  Zerg Missile Weapons Level 3  
  164  14:55  Zerg Ground Armor Level 3  
  164  14:56  Adrenal Glands  
  164  15:16  Zerg Flyer Armor Level 2  
  164  15:29  Overlord x3  
  164  15:39  Drone x3  
  164  15:40  Drone x3  
  170  16:03  Corruptor x5  
  180  16:08  Ravager x2  
  180  16:09  Ravager  
  182  16:33  Burrow  
  182  16:56  Roach x9  
  200  17:05  Hatchery  
  193  17:30  Zerg Melee Weapons Level 1  
  184  18:22  Zergling x2  
  184  18:23  Zergling x24  
  184  18:24  Zergling x4  
  184  18:26  Baneling  
  199  18:27  Baneling x6  
  199  18:28  Baneling x5  
  135  19:17  Roach  
  135  19:18  Roach x9  
  135  19:19  Roach x5, Zergling x2  
  135  19:20  Zergling x34  
  135  19:21  Zergling x14  
Tags
 
Add a new tag
Caveats
  • Supply blocks, unpowered buildings, or Contaminate may cause inaccurate times.
  • Supply counts are checked every 10 seconds.